| TOP OF THE 1ST |
|
Detroit Red Wings batting - Pitching for Windy City ThunderBolts : RHP Alfie Bungledorf
|
|
Pitching: RHP Alfie Bungledorf
|
|
|
Batting: RHB Jose Evangelista
|
0-0: Called Strike 0-1: Ground out 4-3 (Groundball, 4, EV 94.4 MPH)
|
|
Batting: RHB Tony Soto
|
0-0: Ball 1-0: Ball 2-0: Ball 3-0: Base on Balls
|
|
Batting: SHB Ross Holland
|
0-0: Called Strike 0-1: Ball 1-1: Swinging Strike 1-2: Ball 2-2: Foul Ball, location: 2F 2-2: Strikes out swinging
|
|
Batting: LHB Jon Frederick
|
0-0: Foul Ball, location: 2F 0-1: Ball 1-1: Ball 2-1: Ball 3-1: Fly out, F3 (Popup, 34S, EV 64.4 MPH)
|
| Top of the 1st over - 0 runs, 0 hits, 0 errors, 1 left on base; Detroit 0 - Windy City 0 |
| BOTTOM OF THE 1ST |
|
Windy City ThunderBolts batting - Pitching for Detroit Red Wings : LHP George Moran
|
|
Pitching: LHP George Moran
|
|
|
Batting: LHB Matt Hyde
|
0-0: Called Strike 0-1: Fly out, F8 (Flyball, 89M, EV 93.1 MPH)
|
|
Batting: LHB Adam Tarbutton
|
0-0: Ball 1-0: SINGLE (Line Drive, 34, EV 108.1 MPH)
|
|
Batting: RHB Josiah Wright
|
0-0: Ball 1-0: Foul Ball, location: 2F 1-1: Called Strike 1-2: Foul Ball, location: 2F 1-2: Strikes out looking Adam Tarbutton is caught stealing 2nd base 2-4 Batter strikes out.
|
| Bottom of the 1st over - 0 runs, 1 hit, 0 errors, 0 left on base; Detroit 0 - Windy City 0 |
| TOP OF THE 2ND |
|
Detroit Red Wings batting - Pitching for Windy City ThunderBolts : RHP Alfie Bungledorf
|
|
Batting: RHB Tony Nunez
|
0-0: Ball 1-0: SINGLE (Line Drive, 6D, EV 97.5 MPH)
|
|
Batting: RHB Brandon Everett
|
0-0: Called Strike 0-1: Called Strike 0-2: Fly out, F6 (Popup, 4M, EV 56.9 MPH)
|
|
Batting: RHB Jeremiah Washington
|
0-0: SINGLE (Popup, 13, EV 83.8 MPH) Tony Nunez to second
|
|
Batting: RHB Willie Ochoa
|
0-0: Ball 1-0: Ball 2-0: Ball 3-0: Base on Balls Tony Nunez to third Jeremiah Washington to second
|
|
Batting: LHB Isao Fukui
|
0-0: Foul Ball, location: 2F 0-1: Foul Ball, location: 2F 0-2: Strikes out looking
|
|
Batting: RHB Jose Evangelista
|
0-0: Ball 1-0: Called Strike 1-1: Swinging Strike 1-2: Ball 2-2: Strikes out swinging
|
| Top of the 2nd over - 0 runs, 2 hits, 0 errors, 3 left on base; Detroit 0 - Windy City 0 |
| BOTTOM OF THE 2ND |
|
Windy City ThunderBolts batting - Pitching for Detroit Red Wings : LHP George Moran
|
|
Batting: RHB Mike Rosa
|
0-0: Ball 1-0: Ball 2-0: Ball 3-0: Base on Balls
|
|
Batting: LHB Justin Stickney
|
0-0: Called Strike Mike Rosa is caught stealing 2nd base 2-6 0-1: Foul Ball, location: 2F 0-2: Ball 1-2: SINGLE (Line Drive, 9S, EV 88.1 MPH)
|
|
Batting: LHB Evan Oliveri
|
0-0: Ball 1-0: Swinging Strike 1-1: Swinging Strike 1-2: Ball 2-2: Foul Ball, location: 2F 2-2: Strikes out swinging
|
|
Batting: RHB Adan Lake
|
0-0: Ball 1-0: Called Strike 1-1: Ball 2-1: Swinging Strike 2-2: Foul Ball, location: 2F 2-2: Foul Ball, location: 2F 2-2: Foul Ball, location: 2F 2-2: Ball 3-2: Foul Ball, location: 2F 3-2: Base on Balls Justin Stickney to second
|
|
Batting: RHB Armando Vazquez
|
0-0: Ball 1-0: Ball 2-0: Called Strike 2-1: Foul Ball, location: 2F 2-2: Foul Ball, location: 2F 2-2: Ball 3-2: Base on Balls Justin Stickney to third Adan Lake to second
|
|
Batting: LHB Herkko Haavikko
|
0-0: Called Strike 0-1: Ball 1-1: Ball 2-1: Ground out 4-3 (Groundball, 4, EV 88.1 MPH)
|
| Bottom of the 2nd over - 0 runs, 1 hit, 0 errors, 3 left on base; Detroit 0 - Windy City 0 |
| TOP OF THE 3RD |
|
Detroit Red Wings batting - Pitching for Windy City ThunderBolts : RHP Alfie Bungledorf
|
|
Batting: RHB Tony Soto
|
0-0: Foul Ball, location: 2F 0-1: Fly out, F2 (Popup, 3SF, EV 69.4 MPH)
|
|
Batting: SHB Ross Holland
|
0-0: Called Strike 0-1: Called Strike 0-2: Ball 1-2: Ball 2-2: Strikes out swinging
|
|
Batting: LHB Jon Frederick
|
0-0: SINGLE (Groundball, 34D, EV 106.2 MPH)
|
|
Batting: RHB Tony Nunez
|
0-0: SINGLE (Groundball, 4MD, EV 99.4 MPH) Jon Frederick to second Runner from 2nd tries for 3rd, OUT! 8-5
|
| Top of the 3rd over - 0 runs, 2 hits, 0 errors, 1 left on base; Detroit 0 - Windy City 0 |
| BOTTOM OF THE 3RD |
|
Windy City ThunderBolts batting - Pitching for Detroit Red Wings : LHP George Moran
|
|
Batting: LHB Matt Hyde
|
0-0: SINGLE (Groundball, 56S, EV 68.8 MPH) (infield hit)
|
|
Batting: LHB Adam Tarbutton
|
0-0: Ball 1-0: Foul Ball, location: 2F 1-1: Ball 2-1: Ball 3-1: SINGLE (Groundball, 6M, EV 90.0 MPH) (infield hit) Matt Hyde to second
|
|
Batting: RHB Josiah Wright
|
0-0: Ball 1-0: SINGLE (Groundball, 6MD, EV 98.8 MPH) Matt Hyde to third Adam Tarbutton to second
|
|
Batting: RHB Mike Rosa
|
0-0: Ball 1-0: Foul Ball, location: 2F 1-1: Foul Ball, location: 2F 1-2: Foul Ball, location: 2F 1-2: Ball 2-2: Ball 3-2: Foul Ball, location: 2F 3-2: Fly out, F3 (Line Drive, 3, EV 74.4 MPH)
|
|
Batting: LHB Justin Stickney
|
0-0: DOUBLE (Flyball, 78D, EV 101.2 MPH) Matt Hyde scores Adam Tarbutton scores Josiah Wright to third Runner from 3rd tries for Home, SAFE, throw by LF to trailing runner, SAFE at third!
|
|
Pitching: LHP Jean-Luc Legros
|
|
|
Batting: LHB Evan Oliveri
|
0-0: Swinging Strike 0-1: DOUBLE (Line Drive, 89D, EV 105.0 MPH) Justin Stickney scores
|
|
Batting: RHB Adan Lake
|
0-0: Ball 1-0: Called Strike 1-1: Fly out, F8 (Line Drive, 8LM, EV 101.9 MPH)
|
|
Batting: RHB Armando Vazquez
|
0-0: Ground out 4-3 (Groundball, 4, EV 97.5 MPH)
|
| Bottom of the 3rd over - 4 runs, 5 hits, 0 errors, 1 left on base; Detroit 0 - Windy City 4 |
| TOP OF THE 4TH |
|
Detroit Red Wings batting - Pitching for Windy City ThunderBolts : RHP Alfie Bungledorf
|
|
Batting: RHB Brandon Everett
|
0-0: Called Strike 0-1: Ball 1-1: Foul Ball, location: 2F 1-2: Fly out, F8 (Flyball, 8RM, EV 83.1 MPH)
|
|
Batting: RHB Jeremiah Washington
|
0-0: Called Strike 0-1: Ball 1-1: Called Strike 1-2: Ball 2-2: Ball 3-2: Ground out 1-3 (Groundball, 34S, EV 76.9 MPH)
|
|
Batting: RHB Willie Ochoa
|
0-0: Called Strike 0-1: Called Strike 0-2: Ball 1-2: Ball 2-2: Strikes out swinging
|
| Top of the 4th over - 0 runs, 0 hits, 0 errors, 0 left on base; Detroit 0 - Windy City 4 |
| BOTTOM OF THE 4TH |
|
Windy City ThunderBolts batting - Pitching for Detroit Red Wings : LHP Jean-Luc Legros
|
|
Batting: LHB Herkko Haavikko
|
0-0: Ball 1-0: Swinging Strike 1-1: Ball 2-1: Ball 3-1: Fly out, F7 (Flyball, 78S, EV 95.0 MPH)
|
|
Batting: LHB Matt Hyde
|
0-0: Ball 1-0: Swinging Strike 1-1: Ground out 4-3 (Groundball, 4, EV 91.2 MPH)
|
|
Batting: LHB Adam Tarbutton
|
0-0: Called Strike 0-1: Fly out, F8 (Flyball, 89M, EV 93.8 MPH)
|
| Bottom of the 4th over - 0 runs, 0 hits, 0 errors, 0 left on base; Detroit 0 - Windy City 4 |
| TOP OF THE 5TH |
|
Detroit Red Wings batting - Pitching for Windy City ThunderBolts : RHP Alfie Bungledorf
|
|
Batting: LHB Isao Fukui
|
0-0: Swinging Strike 0-1: Ground out 3-1 (Groundball, 34, EV 90.6 MPH)
|
|
Batting: RHB Jose Evangelista
|
0-0: Ball 1-0: Fly out, F9 (Flyball, 9, EV 87.5 MPH)
|
|
Batting: RHB Tony Soto
|
0-0: Foul Ball, location: 2F 0-1: Foul Ball, location: 2F 0-2: Ball 1-2: Strikes out swinging
|
| Top of the 5th over - 0 runs, 0 hits, 0 errors, 0 left on base; Detroit 0 - Windy City 4 |
| BOTTOM OF THE 5TH |
|
Windy City ThunderBolts batting - Pitching for Detroit Red Wings : LHP Jean-Luc Legros
|
|
Batting: RHB Josiah Wright
|
0-0: Called Strike 0-1: SINGLE (Groundball, 6MD, EV 93.8 MPH)
|
|
Batting: RHB Mike Rosa
|
0-0: Ball 1-0: Foul Ball, location: 2F 1-1: Ball Josiah Wright steals 2nd base 2-1: Ball 3-1: Called Strike 3-2: Fly out, F7 (Flyball, 78M, EV 87.5 MPH)
|
|
Batting: LHB Justin Stickney
|
0-0: Ball 1-0: Ball 2-0: Ball 3-0: Called Strike 3-1: Base on Balls
|
|
Batting: LHB Evan Oliveri
|
0-0: Foul Ball, location: 2F 0-1: Ball 1-1: Called Strike 1-2: Fielders Choice at 2nd, 4-6 (Groundball, 4, EV 85.6 MPH) Josiah Wright to third
|
|
Batting: RHB Adan Lake
|
0-0: Ball 1-0: SINGLE (Groundball, 34D, EV 100.0 MPH) Josiah Wright scores Evan Oliveri to second Runner from 2nd tries for 3rd, OUT! 9-5
|
| Bottom of the 5th over - 1 run, 2 hits, 0 errors, 1 left on base; Detroit 0 - Windy City 5 |
| TOP OF THE 6TH |
|
Detroit Red Wings batting - Pitching for Windy City ThunderBolts : RHP Alfie Bungledorf
|
|
Batting: SHB Ross Holland
|
0-0: Swinging Strike 0-1: Fly out, F8 (Flyball, 8LM, EV 88.1 MPH)
|
|
Batting: LHB Jon Frederick
|
0-0: Foul Ball, location: 2F 0-1: Called Strike 0-2: Foul Ball, location: 2F 0-2: Ground out 6-3 (Groundball, P, EV 85.6 MPH)
|
|
Batting: RHB Tony Nunez
|
0-0: Ball 1-0: Foul Ball, location: 2F 1-1: Called Strike 1-2: Foul Ball, location: 2F 1-2: Ball 2-2: Strikes out swinging
|
| Top of the 6th over - 0 runs, 0 hits, 0 errors, 0 left on base; Detroit 0 - Windy City 5 |
| BOTTOM OF THE 6TH |
|
Windy City ThunderBolts batting - Pitching for Detroit Red Wings : LHP Jean-Luc Legros
|
|
Batting: RHB Armando Vazquez
|
0-0: Called Strike 0-1: Fly out, F4 (Popup, 4S, EV 73.8 MPH)
|
|
Batting: LHB Herkko Haavikko
|
0-0: Fly out, F8 (Flyball, 8LXD, EV 90.6 MPH)
|
|
Batting: LHB Matt Hyde
|
0-0: Called Strike 0-1: Foul Ball, location: 2F 0-2: Ball 1-2: Foul Ball, location: 2F 1-2: Fly out, F9 (Line Drive, 9D, EV 95.0 MPH)
|
| Bottom of the 6th over - 0 runs, 0 hits, 0 errors, 0 left on base; Detroit 0 - Windy City 5 |
| TOP OF THE 7TH |
|
Detroit Red Wings batting - Pitching for Windy City ThunderBolts : RHP Alfie Bungledorf
|
|
Batting: RHB Brandon Everett
|
0-0: Swinging Strike 0-1: Called Strike 0-2: Foul Ball, location: 2F 0-2: Ball 1-2: Foul Ball, location: 2F 1-2: Ball 2-2: Foul Ball, location: 2F 2-2: Foul Ball, location: 2F 2-2: Foul Ball, location: 2F 2-2: Foul Ball, location: 2F 2-2: Strikes out swinging
|
|
Batting: RHB Jeremiah Washington
|
0-0: Ball 1-0: Swinging Strike 1-1: Ball 2-1: Fly out, F4 (Popup, 4M, EV 55.6 MPH)
|
|
Batting: RHB Willie Ochoa
|
0-0: Ball 1-0: Ball 2-0: Called Strike 2-1: Ball 3-1: Base on Balls
|
|
Pitching: LHP Ray Sowers
|
|
|
Batting: LHB Isao Fukui
|
0-0: Called Strike 0-1: Ball 1-1: Swinging Strike 1-2: Foul Ball, location: 2F 1-2: Ball 2-2: 2-RUN HOME RUN (Flyball, 89XD, EV 109.4 MPH), Distance : 406 ft
|
|
Batting: RHB Jose Evangelista
|
0-0: Called Strike 0-1: Called Strike 0-2: Strikes out swinging
|
| Top of the 7th over - 2 runs, 1 hit, 0 errors, 0 left on base; Detroit 2 - Windy City 5 |
| BOTTOM OF THE 7TH |
|
Windy City ThunderBolts batting - Pitching for Detroit Red Wings : LHP Jean-Luc Legros
|
|
Batting: LHB Adam Tarbutton
|
0-0: Foul Ball, location: 2F 0-1: Ball 1-1: Reached on error, E6 (Groundball, 56D, EV 90.0 MPH)
|
|
Batting: RHB Josiah Wright
|
0-0: Ball 1-0: Swinging Strike 1-1: SINGLE (Groundball, 4MD, EV 98.8 MPH) Adam Tarbutton to third Runner from 3rd tries for Home, SAFE, throw by CF to home
|
|
Batting: RHB Mike Rosa
|
0-0: Foul Ball, location: 2F 0-1: Foul Ball, location: 2F 0-2: 2-RUN HOME RUN (Flyball, 78XD, EV 106.2 MPH), Distance : 417 ft
|
|
Batting: LHB Justin Stickney
|
0-0: Swinging Strike 0-1: Fly out, F8 (Flyball, 8LM, EV 85.6 MPH)
|
|
Batting: LHB Evan Oliveri
|
0-0: Ball 1-0: SOLO HOME RUN (Flyball, 89XD, EV 111.9 MPH), Distance : 428 ft
|
|
Batting: RHB Adan Lake
|
0-0: Ball 1-0: Foul Ball, location: 2F 1-1: Ball 2-1: SINGLE (Line Drive, 34D, EV 100.0 MPH)
|
|
Pinch Hitting: RHB Mario Gomez
|
0-0: Called Strike 0-1: Ball Wild Pitch! Adan Lake to second 1-1: Ball 2-1: Called Strike 2-2: Ball 3-2: Foul Ball, location: 2F 3-2: Base on Balls
|
|
Pitching: RHP Juan Perez
|
|
|
Batting: LHB Herkko Haavikko
|
0-0: Ball 1-0: SINGLE (Line Drive, 7S, EV 108.1 MPH) Adan Lake to third Mario Gomez to second
|
|
Pinch Hitting: RHB David Rhodes
|
0-0: Ball 1-0: Fly out, F4 (Popup, 3S, EV 83.1 MPH)
|
|
Batting: LHB Adam Tarbutton
|
0-0: Called Strike 0-1: Foul Ball, location: 2F 0-2: Ball 1-2: Ball Wild Pitch! Adan Lake scores Mario Gomez to third Herkko Haavikko to second 2-2: Ball 3-2: DOUBLE (Line Drive, 89D, EV 102.5 MPH) Mario Gomez scores Herkko Haavikko scores
|
|
Batting: RHB Josiah Wright
|
0-0: Called Strike 0-1: SINGLE (Groundball, 13S, EV 68.8 MPH) (infield hit) Adam Tarbutton to third
|
|
Batting: RHB Mike Rosa
|
0-0: Ball 1-0: Fly out, F5 (Popup, 6S, EV 80.0 MPH)
|
| Bottom of the 7th over - 7 runs, 7 hits, 1 error, 2 left on base; Detroit 2 - Windy City 12 |
| TOP OF THE 8TH |
|
Detroit Red Wings batting - Pitching for Windy City ThunderBolts : LHP Ray Sowers
|
|
Now at 1B: Vladmiri Nugaibekov
|
|
|
Now in LF: David Rhodes
|
|
|
Batting: RHB Tony Soto
|
0-0: Ball 1-0: Ball 2-0: Called Strike 2-1: Called Strike 2-2: Foul Ball, location: 2F 2-2: Ball 3-2: Foul Ball, location: 2F 3-2: Foul Ball, location: 2F 3-2: Strikes out swinging
|
|
Batting: SHB Ross Holland
|
0-0: Ball 1-0: Ball 2-0: SINGLE (Groundball, 5S, EV 73.8 MPH) (infield hit)
|
|
Pitching: RHP Matt Christensen
|
|
|
Batting: LHB Jon Frederick
|
0-0: Foul Ball, location: 2F 0-1: Foul Ball, location: 2F 0-2: Ball 1-2: Ball 2-2: Foul Ball, location: 2F 2-2: Ball 3-2: Base on Balls Ross Holland to second
|
|
Batting: RHB Tony Nunez
|
0-0: Called Strike 0-1: Reached on error, E6 (Groundball, 6, EV 101.2 MPH) Ross Holland to third Jon Frederick to second
|
|
Batting: RHB Brandon Everett
|
0-0: Foul Ball, location: 2F 0-1: Ball 1-1: Called Strike 1-2: Foul Ball, location: 2F 1-2: Ball 2-2: Fly out, F3 (Popup, 3SF, EV 86.2 MPH)
|
|
Batting: RHB Jeremiah Washington
|
0-0: Ball 1-0: DOUBLE (Line Drive, 7LD, EV 107.5 MPH) Ross Holland scores Jon Frederick scores Tony Nunez to third Runner from 3rd tries for Home, SAFE, throw by LF to trailing runner, OUT at third! 7-3-5
|
| Top of the 8th over - 3 runs, 2 hits, 1 error, 0 left on base; Detroit 5 - Windy City 12 |
| BOTTOM OF THE 8TH |
|
Windy City ThunderBolts batting - Pitching for Detroit Red Wings : RHP Juan Perez
|
|
Batting: LHB Justin Stickney
|
0-0: Ball 1-0: Ball 2-0: Foul Ball, location: 2F 2-1: SINGLE (Line Drive, 78M, EV 86.2 MPH)
|
|
Batting: LHB Evan Oliveri
|
0-0: SINGLE (Line Drive, 78M, EV 91.9 MPH) Justin Stickney to second
|
|
Batting: RHB Adan Lake
|
0-0: Swinging Strike 0-1: Fly out, F8 (Flyball, 78M, EV 96.2 MPH)
|
|
Batting: RHB Vladmiri Nugaibekov
|
0-0: Ball 1-0: Swinging Strike 1-1: Called Strike 1-2: Foul Ball, location: 2F 1-2: Fly out, F7 (Flyball, 7LD, EV 103.8 MPH)
|
|
Batting: LHB Herkko Haavikko
|
0-0: Called Strike 0-1: Foul Ball, location: 2F 0-2: Ball 1-2: Ball 2-2: Ball 3-2: Fly out, F9 (Flyball, 89M, EV 95.0 MPH)
|
| Bottom of the 8th over - 0 runs, 2 hits, 0 errors, 2 left on base; Detroit 5 - Windy City 12 |
| TOP OF THE 9TH |
|
Detroit Red Wings batting - Pitching for Windy City ThunderBolts : RHP Matt Christensen
|
|
Batting: RHB Willie Ochoa
|
0-0: Called Strike 0-1: Swinging Strike 0-2: Foul Ball, location: 2F 0-2: Strikes out swinging
|
|
Pitching: LHP Silas Chartier
|
|
|
Pinch Hitting: LHB Steve Herrera
|
0-0: Called Strike 0-1: Ground out 6-3 (Groundball, 56, EV 106.9 MPH)
|
|
Batting: RHB Jose Evangelista
|
0-0: Foul Ball, location: 2F 0-1: Ball 1-1: Called Strike 1-2: Strikes out swinging
|
| Top of the 9th over - 0 runs, 0 hits, 0 errors, 0 left on base; Detroit 5 - Windy City 12 |
|